 Dungeon Sprint DCSS version 0.18.1-48-g4cf74bf (webtiles) character file.

3020 Deeps the Blocker (level 9, 0/66 HPs)
             Began as a Gargoyle Fighter on Aug 17, 2016.
             Was a Priest of Okawaru.
             Slain by a lorocyproca (10 damage)
             ... in the Dungeon (Sprint I: "Red Sonja").
             The game lasted 00:05:39 (1622 turns).

Deeps the Blocker (Gargoyle Fighter)                Turns: 1622, Time: 00:05:39

Health: 0/66       AC: 14    Str: 23    XL:     9   Next: 85%
Magic:  1/10       EV:  9    Int: 12    God:    Okawaru [***...]
Gold:   366        SH: 13    Dex:  9    Spells: 0 memorised, 8 levels left

rFire  . . .     SeeInvis .     d - +9 mace "Mehaud" {freeze, Int+3}
rCold  . . .     Gourm    .     b - +0 scale mail
rNeg   + . .     Faith    .     c - +0 shield
rPois  ∞         Spirit   .     (no helmet)
rElec  +         Dismiss  .     (no cloak)
rCorr  .         Reflect  .     (no gloves)
SustAt .         Harm     .     (no boots)
MR     .....     NoTele   +     (no amulet)
Stlth  ..........               (no ring)
                                (no ring)

@: not resistant to hostile enchantments, extremely unstealthy
A: negative energy resistance 1, electricity resistance, unbreathing,
petrification resistance, rot immunity, AC +5
a: Heroism, Renounce Religion


You were in the Dungeon.
You worshipped Okawaru.
Okawaru was most pleased with you.
You were not hungry.

You visited 1 branch You collected 486 gold pieces.
You spent 120 gold pieces at shops.

Inventory:

Hand Weapons
 a - a +0 war axe
 d - the +9 mace "Mehaud" (weapon) {freeze, Int+3}
   (You bought it in a shop in the Dungeon)

   It has been specially enchanted to freeze those struck by it, causing extra
   injury to most foes and up to half again as much damage against particularly
   susceptible opponents.
   It can also slow down cold-blooded creatures.
   It affects your intelligence (+3).
Armour
 b - a +0 scale mail (worn)
 c - a +0 shield (worn)
Potions
 i - a potion of magic


   Skills:
 + Level 12.3 Fighting
 - Level 10.3 Axes
 + Level 1.5(7.3) Maces & Flails
 + Level 12.4 Armour
 + Level 12.4 Shields
 + Level 1.6 Invocations


You had 8 spell levels left.
You didn't know any spells.

Dungeon Overview and Level Annotations

Branches:
Dungeon (1/1)

Altars:
Cheibriados
Dithmenos
Elyvilon
Fedhas
Gozag
Kikubaaqudgha
Makhleb
Nemelex Xobeh
Okawaru
Pakellas
Qazlal
Ru
Sif Muna
Trog
Vehumet
Xom
Yredelemnul
Zin
The Shining One
Jiyva

Shops:
D (

Annotations:
D Norris


Innate Abilities, Weirdness & Mutations

You are resistant to torment.
Your stone body is resilient (AC +5).
You are immune to poison.
You resist negative energy.
You are resistant to electric shocks.
You can survive without breathing.
You are immune to petrification.
You are immune to rotting.


Message History

You hear a chilling moan.
There is an open door here.
Something hits you.
You feel your power leaking away.
Deactivating autopickup; reactivate with Ctrl-A.
You miss something. Something hits you!!
You feel your power leaking away.
Unknown command.
Something hits you!!
* * * LOW HITPOINT WARNING * * *
There is an open door here.
Norris calls down the wrath of his god upon you.
Something smites you!
* * * LOW HITPOINT WARNING * * *
There is an open door here.
There is an open door here.
You start resting.
You block something's attack.
You start resting.
Something hits you!
You die...

############################
').#.)'..#__#..'...#)(#§§†§+
#..'..#..'..'..#...##'#§####
##+#####)#__####@..'..#§# ##
# #...#)####§
#####..+§#+#$###
####..##(#≈§≈§ ##§####..$#@#
___##)#..+≈≈§.§
#.§.§§#..$###
∩...†..._#≈≈§§c
#..§.§'..$$$#
.._##_.#+##+###
###..§#^....# ___###+#
#.^^###++## #### #..## #..#


There were no monsters in sight!

Vanquished Creatures
  A lindwurm (D)
  A gargoyle (D)
  2 kobold demonologists (D)
  4 demonic crawlers (D)
  A slime creature (D)
  Sigmund (D)
  A yak (D)
  A giant eyeball (D)
  An ogre (D)
  A jelly (D)
  Ijyb (D)
15 creatures vanquished.

Notes
Turn   | Place    | Note
--------------------------------------------------------------
     0 | D        | Deeps the Gargoyle Fighter began the quest for the Orb.
     0 | D        | Reached XP level 1. HP: 14/14 MP: 1/1
     2 | D        | Noticed Ijyb
    31 | D        | Killed Ijyb
    31 | D        | Reached XP level 2. HP: 15/20 MP: 2/2
    31 | D        | Reached XP level 3. HP: 18/24 MP: 3/3
    36 | D        | Noticed an ogre
    38 | D        | Killed an ogre
    38 | D        | Reached skill level 5 in Fighting
    38 | D        | Reached XP level 4. HP: 25/32 MP: 4/4
    42 | D        | Noticed Sigmund
    46 | D        | Killed Sigmund
    46 | D        | Reached skill level 5 in Axes
    46 | D        | Reached XP level 5. HP: 20/38 MP: 5/5
    46 | D        | Reached XP level 6. HP: 23/44 MP: 6/6
    52 | D        | Found a deep blue altar of Sif Muna.
    54 | D        | Found a radiant altar of Vehumet.
    61 | D        | Found Ymote's Antique Weapon Emporium.
    61 | D        | Found a white marble altar of Elyvilon.
    61 | D        | Found a burning altar of Makhleb.
    61 | D        | Found a sacrificial altar of Ru.
    61 | D        | Found an oddly glowing altar of Pakellas.
    61 | D        | Found a glowing golden altar of the Shining One.
    61 | D        | Found an opulent altar of Gozag.
    61 | D        | Found a glowing silver altar of Zin.
    61 | D        | Noticed a yak
    68 | D        | Killed a yak
    68 | D        | Reached XP level 7. HP: 28/50 MP: 7/7
    69 | D        | Found a stormy altar of Qazlal.
    69 | D        | Found a shimmering altar of Xom.
    74 | D        | Found a viscous altar of Jiyva.
    74 | D        | Found a blossoming altar of Fedhas.
    74 | D        | Noticed a slime creature
    75 | D        | Found a snail-covered altar of Cheibriados.
    75 | D        | Found a shadowy altar of Dithmenos.
    86 | D        | Killed a slime creature
    94 | D        | Found a basalt altar of Yredelemnul.
    94 | D        | Found a sparkling altar of Nemelex Xobeh.
    94 | D        | Found an ancient bone altar of Kikubaaqudgha.
    95 | D        | Found an iron altar of Okawaru.
    96 | D        | Found a bloodstained altar of Trog.
    99 | D        | Became a worshipper of Warmaster Okawaru
   132 | D        | Noticed a kobold demonologist
   156 | D        | Noticed a sun demon
   158 | D        | Noticed a sixfirhy
   161 | D        | Noticed a soul eater
   175 | D        | Killed a kobold demonologist
   175 | D        | Reached * piety under Okawaru
   175 | D        | Reached skill level 10 in Armour
   175 | D        | Reached skill level 10 in Shields
   175 | D        | Reached XP level 8. HP: 18/57 MP: 8/8
   176 | D        | Paralysed by a giant eyeball for 4 turns
   178 | D        | Noticed a kobold demonologist
   182 | D        | Reached skill level 10 in Fighting
   184 | D        | Killed a kobold demonologist
   517 | D        | Noticed a centaur warrior
   528 | D        | Noticed a demonic crawler
   528 | D        | Noticed a demonic crawler
   528 | D        | Noticed a demonic crawler
   528 | D        | Noticed a demonic crawler
   557 | D        | Killed a demonic crawler
   557 | D        | Reached ** piety under Okawaru
   856 | D        | Bought a brightly glowing mace for 120 gold pieces
   856 | D        | Identified the +9 mace "Mehaud" {freeze, Int+3} (You bought it in a shop in the Dungeon)
   878 | D        | Killed a demonic crawler
   878 | D        | Reached XP level 9. HP: 46/64 MP: 6/9
   890 | D        | Killed a demonic crawler
   890 | D        | Reached *** piety under Okawaru
   981 | D        | Killed a demonic crawler
  1118 | D        | Noticed a lindwurm
  1129 | D        | Killed a lindwurm
  1129 | D        | Reached skill level 10 in Axes
  1284 | D        | Noticed a gargoyle
  1316 | D        | Killed a gargoyle
  1316 | D        | Reached skill level 1 in Maces & Flails
  1316 | D        | Reached skill level 1 in Invocations
  1604 | D        | Noticed Norris
  1622 | D        | Slain by a lorocyproca

Skill      XL: |  1  2  3  4  5  6  7  8  9 |
---------------+----------------------------+-----
Fighting       | 4 5 7 8 9 11 12 | 12.3
Axes           | 3 4 5 6 8 9 10 | 10.3
Armour         | 4 6 7 8 10 11 12 | 12.4
Shields        | 4 6 7 8 10 11 12 | 12.4
Maces & Flails | 1 |  1.5
Invocations    | 1 |  1.6

Action                   |  1- 3 |  4- 6 |  7- 9 || total
-------------------------+-------+-------+-------++-------
Melee: War axe           |    31 |    12 |    69 ||   112
       Mace              |       |       |    50 ||    50
Invok: Heroism           |       |       |     3 ||     3
  Use: Potion            |     1 |       |     5 ||     6
       Scroll            |       |       |     1 ||     1
  Eat: Bread ration      |       |       |     1 ||     1
Armor: Scale mail        |    16 |     5 |   107 ||   128
Dodge: Dodged            |    11 |     3 |    67 ||    81
Block: Shield            |    12 |     4 |   105 ||   121
